 Dungeon Crawl Stone Soup version 0.27-a0-323-gbd089401bb (webtiles) character file.

Game seed: 4625476125763785953

2073 dickylongcocking the Reanimator (level 9, -7/78 (86) HPs)
             Began as a Deep Dwarf Necromancer on Feb 11, 2021.
             Was a Follower of Makhleb.
             Mangled by a wight
             ... wielding a +3 battleaxe
              (12 damage)
             ... on level 6 of the Dungeon.
             The game lasted 00:10:57 (7432 turns).

dickylongcocking the Reanimator (DDNe)              Turns: 7432, Time: 00:10:57

HP:   -7/78 (86)    AC:  7    Str:  9 (12) XL:     9   Next: 6%
MP:   11/11         EV: 11    Int: 22 (25) God:    Makhleb [*.....]
Gold: 147           SH:  0    Dex: 11 (13) Spells: 3/11 levels left

rFire    + . .     SeeInvis .   j - +0 dagger "Ytitsem" {holy, *Noise +Blink rElec rN+}
rCold    . . .     Faith    +   (no shield)
rNeg     + . .     Spirit   .   m - +1 leather armour {rF+}
rPois    .         Reflect  .   (no helmet)
rElec    +         Harm     .   q - +2 cloak {Stlth+}
rCorr    .         Rampage  .   (no gloves)
Will     +....                  (no boots)
Stlth    ++........             d - amulet of faith
HPRegen  0.00/turn              n - +6 ring of intelligence
MPRegen  0.12/turn              (no ring)

@: non-regenerating, drained
A: damage resistance, heal wounds, sense surroundings 2, no regeneration
a: Heal Wounds, Renounce Religion, Evoke Blink


You were on level 6 of the Dungeon.
You worshipped Makhleb.
Makhleb was aware of your devotion.
You visited 2 branches of the dungeon, and saw 7 of its levels.

You collected 347 gold pieces.
You spent 200 gold pieces at shops.

Inventory:

Hand Weapons
 g - a +3 dagger
 j - the +0 dagger "Ytitsem" (weapon) {holy, *Noise +Blink rElec rN+}
   (You found it on level 4 of the Dungeon)

   It has been blessed by the Shining One to cause great damage to the undead
   and demons.
   It insulates you from electricity.
   It protects you from negative energy.
   It lets you blink.
   It may make noises in combat.
 p - a +4 dagger
 w - a +3 dagger of protection
Armour
 a - a +0 robe
 m - a +1 leather armour of fire resistance (worn)
 q - a +2 cloak of stealth (worn)
Jewellery
 c - the ring "Polo" {Str+6 Int+5 Slay-5}
   (You bought it in a shop on level 5 of the Dungeon)

   [ring of strength]

   It affects your strength (+6).
   It affects your intelligence (+5).
   It affects your accuracy and damage with ranged weapons and melee attacks
   (-5).
 d - an amulet of faith (around neck)
 n - a +6 ring of intelligence (left hand)
 t - a ring of see invisible
 B - an amulet of regeneration
Wands
 y - a wand of random effects (20)
Scrolls
 b - a scroll of enchant weapon {unknown}
 f - a scroll of teleportation {unknown}
 l - 3 scrolls of identify
 r - a scroll of blinking {unknown}
 s - 2 scrolls of enchant armour {unknown}
 u - 2 scrolls of immolation {unknown}
 v - a scroll of magic mapping {unknown}
 D - a scroll of brand weapon {unknown}
Potions
 h - 2 potions of mutation
 i - 2 potions of attraction
 A - 2 potions of resistance {unknown}


   Skills:
 * Level 7.1 Fighting
 - Level 2.2 Dodging
 - Level 2.4 Stealth
 - Level 1.9 Spellcasting
 * Level 10.6 Necromancy


You had 3 spell levels left.
You knew the following spells:

 Your Spells              Type           Power        Failure   Level
a - Pain                  Necr           100%         1%          1
b - Animate Dead          Necr           24%          2%          4
x - Vampiric Draining     Necr           24%          1%          3

Your spell library contained the following spells:

 Spells                   Type           Power        Failure   Level
 Animate Skeleton         Necr           96%          1%          1
 Agony                    Necr           48%          7%          5


Dungeon Overview and Level Annotations

Branches:
Dungeon (6/15)             Temple (1/1) D:5

Altars:
Ashenzari
Elyvilon
Gozag
Makhleb
Qazlal
Trog
Zin
The Shining One

Shops:
D:5 *   D:6 !

Annotations:
D:3 3 runed translucent doors, JoelBP's ghost, amateur DsFi
D:5 3 runed translucent doors, dickylongcocking's ghost, weakling DsDe
D:6 3 runed translucent doors, Stevanos's ghost, amateur FeCj


Innate Abilities, Weirdness & Mutations

You are resistant to damage.
You can heal yourself by infusing magical energy.
You passively map the area around you.
You do not regenerate.


Message History

Your leather armour prevents you from hitting the wight.
The wight is almost destroyed.
The wight completely misses you.
Unknown command.
You closely miss the wight.
The wight is almost destroyed.
The wight hits you but does no damage. The wight closely misses you.
Unknown command.
You hit the wight.
You destroy the wight!
Makhleb accepts your kill.
Unknown command.
As you read the scroll labelled XIJITA DALYGIL, it crumbles to dust.
It is a scroll of identify.
h - 2 potions of mutation The wight misses you.
As you read the scroll labelled PIUQAN XIMUPSE, it crumbles to dust.
The scroll dissolves into smoke.
It was a scroll of fog.
The wight hits you from afar with a +5 trident!
* * * LOW HITPOINT WARNING * * *
You partially resist.
You feel drained. The wight closely misses you.
Unknown command.
Unknown command.
The wight hits you with a +5 trident!
* * * LOW HITPOINT WARNING * * *
The wight barely misses you.
Unknown command.
Okay, then.
Okay, then.
Okay, then.
Okay, then.
It was a potion of magic.
Magic courses through your body. The wight barely misses you.
Okay, then.
It was a potion of degeneration.
There was something very wrong with that liquid.
You feel weakened.
You feel dopey.
You feel clumsy. The wight closely misses you.
The wight hits you but does no damage. The wight hits you with a +3 battleaxe!
You die...

#.......# #.###... #∩#####.#
#....... ####.#####.# ##......
#.......##.# #......
#.##.##.##.###############...
#.##.#...#.#.........#####...
#.##...#.....###.........#...
#.####...#######.###.###.####
#.# ###..§§@§§#.#.......# #.##
#..§zzz§#.#.#.###.####
###..#####..§§§§§#.#.#..##.....
#.......##...§§§§....##...z....
#.#.#.#.##....§..#...##.##.....
#..###..##.......#......##.###.
#.## ##.##.......#......)..# #.
#..###..####......####.##### #z
#...#..)####.####.# #.# #z


You could see 3 wights.

Vanquished Creatures
  Grinder (D:5)
  Sigmund (D:3)
  An orc warrior (D:6)
  A sky beast (D:6)
  A black bear (D:6)
  3 ogres
  A centaur (D:5)
  A phantom (Temple)
  2 scorpions
  2 wights (D:6)
  A bullfrog zombie (D:6)
  A jelly (D:5)
  3 hounds
  5 orc priests
  2 bullfrog skeletons
  Crazy Yiuf (D:3)
  An iguana (D:5)
  An orc wizard (D:4)
  6 worker ants
  A killer bee zombie (D:5)
  3 gnolls (D:5)
  A howler monkey skeleton (D:6)
  10 adders
  A river rat (D:5)
  2 white imps (D:5)
  3 ufetubi
  An adder zombie (D:5)
  A worm (D:2)
  2 dart slugs
  3 leopard geckos
  9 orcs
  7 bats
  2 giant cockroaches
  6 goblins
  3 hobgoblins
  20 jackals
  2 quokkas
  2 ball pythons
  4 frilled lizards
  10 kobolds
  A leopard gecko skeleton (D:4)
  A quokka skeleton (D:4)
  6 rats
136 creatures vanquished.

Vanquished Creatures (others)
  A fungus (D:6)
  3 plants (D:6)
4 creatures vanquished.

Grand Total: 140 creatures vanquished

Notes
Turn   | Place    | Note
-------+----------+-------------------------------------------
     0 | D:1      | dickylongcocking the Deep Dwarf Necromancer began the quest
                  | for the Orb.
     0 | D:1      | Reached XP level 1. HP: 15/15 MP: 3/3
   250 | D:1      | Reached XP level 2. HP: 22/22 MP: 0/4
   413 | D:1      | Reached skill level 5 in Necromancy
  1112 | D:2      | Reached XP level 3. HP: 17/28 MP: 0/5
  1572 | D:2      | Learned a level 3 spell: Vampiric Draining
  1877 | D:2      | Reached skill level 6 in Necromancy
  1938 | D:2      | Reached XP level 4. HP: 36/36 MP: 2/6
  2038 | D:3      | Found a runed translucent door.
  2039 | D:3      | Noticed Crazy Yiuf
  2045 | D:3      | Killed Crazy Yiuf
  2116 | D:3      | Noticed Sigmund
  2132 | D:3      | Killed Sigmund
  2133 | D:3      | Reached skill level 7 in Necromancy
  2133 | D:3      | Reached XP level 5. HP: 26/46 MP: 1/7
  2216 | D:3      | Noticed an ogre
  2224 | D:3      | Killed an ogre
  2225 | D:3      | Reached XP level 6. HP: 43/56 MP: 0/8
  2230 | D:3      | Learned a level 4 spell: Animate Dead
  2878 | D:3      | Found a runed translucent gate.
  2878 | D:3      | Found a runed translucent gate.
  2879 | D:3      | Found a runed translucent gate.
  2891 | D:3      | Noticed JoelBP's ghost (amateur DsFi)
  3414 | D:4      | Got a dazzling dagger
  3414 | D:4      | Identified the +0 dagger "Ytitsem" {holy, *Noise +Blink
                  | rElec rN+} (You found it on level 4 of the Dungeon)
  3484 | D:4      | Reached XP level 7. HP: 55/63 MP: 1/9
  3495 | D:4      | Reached skill level 8 in Necromancy
  4293 | D:5      | Entered Level 5 of the Dungeon
  4490 | D:5      | Reached skill level 5 in Fighting
  4530 | D:5      | Found a runed translucent gate.
  4531 | D:5      | Found a runed translucent gate.
  4531 | D:5      | Found a runed translucent gate.
  4531 | D:5      | Noticed dickylongcocking's ghost (weakling DsDe)
  4614 | D:5      | Noticed Grinder
  4632 | D:5      | Paralysed by Grinder for 3 turns
  4653 | D:5      | Paralysed by Grinder for 2 turns
  4659 | D:5      | Paralysed by Grinder for 2 turns
  4670 | D:5      | Killed Grinder
  4671 | D:5      | Reached skill level 9 in Necromancy
  4671 | D:5      | Reached XP level 8. HP: 75/75 MP: 10/10
  4895 | D:5      | Found a staircase to the Ecumenical Temple.
  4912 | Temple   | Entered the Ecumenical Temple
  4968 | Temple   | Became a worshipper of Makhleb the Destroyer
  5061 | D:5      | Found a glowing drain.
  5214 | D:5      | Found Yrrietic's Assorted Antiques.
  5267 | D:5      | Bought a slimy silver ring for 130 gold pieces
  5268 | D:5      | Identified the ring "Polo" {Str+6 Int+5 Slay-5} (You bought
                  | it in a shop on level 5 of the Dungeon)
  6424 | D:6      | Reached skill level 10 in Necromancy
  6848 | D:6      | Reached * piety under Makhleb
  6934 | D:6      | Found Ankafom's Distillery.
  6938 | D:6      | Bought a potion of heal wounds for 70 gold pieces
  7097 | D:6      | Found a runed translucent gate.
  7097 | D:6      | Found a runed translucent gate.
  7097 | D:6      | Found a runed translucent gate.
  7099 | D:6      | Noticed Stevanos's ghost (amateur FeCj)
  7103 | D:6      | Gained mutation: You passively map the area around you.
                  | [Deep Dwarf growth]
  7103 | D:6      | Reached XP level 9. HP: 60/86 MP: 1/11
  7355 | D:6      | Noticed a kobold demonologist
  7432 | D:6      | Mangled by a wight

Illustrated notes

Levels and vault maps discovered:
D:1:      amcnicky_arrival_double_pillar, layout_rooms
D:2:      layout_loops_corners, minmay_randomly_rotated_circles
D:3:      layout_loops_ring, gammafunk_ghost_necromancy, hangedman_decor_push,
          minmay_box_of_dots, uniq_sigmund, uniq_crazy_yiuf_cottage
D:4:      layout_basic
D:5:      layout_loops_corners, minmay_temple_entry_purple_smoke,
          gammafunk_ghost_split, serial_shops, shop, serial_glass,
          glass_columns_a, glass_columns_b, glass_columns_b, glass_columns_a,
          glass_columns_a, glass_columns_b, portal_sewer_entry_a, uniq_grinder
D:6:      layout_loops_cross, serial_shops, shop, gammafunk_ghost_nasty_kobolds
Temple:   nicolae_temple_the_god_donut

Skill      XL: |  1  2  3  4  5  6  7  8 |
---------------+-------------------------+-----
Necromancy     | 5 6 7 9 10 | 10.6
Fighting       | 2 3 5 7 |  7.1
Dodging        | |  2.2
Stealth        | |  2.4
Spellcasting   | |  1.9

Action                   |  1- 3 |  4- 6 |  7- 9 || total
-------------------------+-------+-------+-------++-------
Melee: Dagger            |    43 |   125 |   264 ||   432
       Unarmed           |     1 |       |       ||     1
 Cast: Pain              |    45 |    24 |    15 ||    84
       Vampiric Draining |     4 |    14 |    59 ||    77
       Animate Dead      |       |     2 |     1 ||     3
Evoke: Wand              |       |       |     5 ||     5
  Use: Potion            |     1 |     4 |     9 ||    14
       Scroll            |       |       |     2 ||     2
 Stab: Sleeping          |     4 |     2 |     1 ||     7
       Invisible         |       |     2 |       ||     2
       Petrified         |       |       |     4 ||     4
Armor: Robe              |    11 |       |       ||    11
       Leather armour    |     6 |    53 |   102 ||   161
       Skin              |       |       |    44 ||    44
Dodge: Dodged            |    56 |    71 |   219 ||   346

Table legend: (Time is in decaauts)
 A = Elapsed time spent in this place.
 B = Non-inter-level travel time spent in this place.
 C = Inter-level travel time spent in this place.
 D = Time resting spent in this place.
 E = Time spent auto-exploring this place.
 F = Levels seen in this place.
 G = Mean time per level.
                   A        B        C        D        E       F      G
               +--------+--------+--------+--------+--------+-----+--------+
         Total |   7420 |   7222 |    198 |    728 |   5087 |   7 | 1060.0 |
       Dungeon |   7357 |   7159 |    198 |    728 |   5087 |   6 | 1226.2 |
        Temple |     62 |     62 |      0 |      0 |      0 |   1 |   62.0 |
               +--------+--------+--------+--------+--------+-----+--------+

Top non-repeatable levels by time:
     D:5: 1674 daAuts
     D:2: 1413 daAuts
     D:6: 1394 daAuts
     D:3: 1227 daAuts
     D:4: 1060 daAuts
     D:1: 586 daAuts
  Temple: 62 daAuts
